 Dungeon Crawl Stone Soup version 0.23.2-33-g5129a83184 (webtiles) character file.

Game seed: 2548435843782393918

53 DorianNounverber the Magician (level 3, -1/19 HPs)
             Began as a Deep Elf Wizard on July 9, 2019.
             Slain by a kobold
             ... wielding a +0 short sword
              (5 damage)
             ... on level 2 of the Dungeon.
             The game lasted 00:06:34 (1608 turns).

DorianNounverber the Magician (Deep Elf Wizard)     Turns: 1608, Time: 00:06:34

Health: -1/19      AC:  3    Str:  4    XL:     3   Next: 64%
Magic:  9/12       EV: 13    Int: 23    God:
Gold:   85         SH:  0    Dex: 13    Spells: 8/13 levels left

rFire    + . .     SeeInvis .   c - +0 spear
rCold    x . .     Gourm    .   (no shield)
rNeg     . . .     Faith    .   a - +0 robe
rPois    .         Spirit   .   b - +1 hat
rElec    .         Reflect  .   (no cloak)
rCorr    .         Harm     .   (no gloves)
MR       .....     Rnd*Tele +   (no boots)
Stlth    ++........             (no amulet)
HPRegen  0.06/turn              h - ring of teleportation (curse)
MPRegen  0.13/turn              j - ring of fire

@: no status effects
A: no striking features
a: no special abilities


You were on level 2 of the Dungeon.
You were not hungry.

You visited 1 branch of the dungeon, and saw 2 of its levels.

You collected 85 gold pieces.

Inventory:

Hand Weapons
 c - a +0 spear (weapon)
Armour
 a - a +0 robe (worn)
 b - a +1 hat (worn)
Jewellery
 f - a cursed ring of teleportation
 h - a cursed ring of teleportation (left hand)
 j - a ring of fire (right hand)
Scrolls
 e - a scroll of enchant armour
Potions
 g - a potion of agility
 i - 2 potions of heal wounds {unknown}
Comestibles
 d - 3 rations
 k - a chunk of flesh


   Skills:
 * Level 3.2 Dodging
 + Level 2.5 Stealth
 + Level 5.5 Spellcasting
 * Level 2.0 Conjurations
 + Level 1.1 Summonings
 + Level 1.1 Translocations


You had 8 spell levels left.
You knew the following spells:

 Your Spells              Type           Power        Failure   Level  Hunger
a - Magic Dart            Conj           ###.         4%          1    None
b - Blink                 Tloc           N/A          9%          2    None
c - Call Imp              Summ           ##......     9%          2    None

Your spell library contained the following spells:

 Spells                   Type           Power        Failure   Level  Hunger
 Slow                     Hex            #.......     14%         2    None
 Conjure Flame            Conj/Fire      ###.....     19%         3    ##.....
 Mephitic Cloud           Conj/Pois/Air  #.......     21%         3    ##.....


Dungeon Overview and Level Annotations

Branches:
Dungeon (2/15)

Altars:


Message History

The bat barely misses you. The bat misses you. The bat closely misses you.
The bat completely misses you. The bat closely misses you. The bat hits you.
The kobold closely misses you. The bat hits you but does no damage. x2
The bat hits you but does no damage. x2; The rat bites you but does no damage.
The kobold closely misses you.
You hit the rat but do no damage. The bat barely misses you. The bat hits you.
The rat twitches its whiskers.
The rat misses you. The kobold hits you with a +0 dagger.
* * * LOW HITPOINT WARNING * * *
Casting: Magic Dart (safe; 4% risk of failure)
Confirm with . or Enter, or press ? or * to list all spells.
Aiming: Magic Dart (safe; 4% risk of failure)
Press: ? - help, Shift-Dir - straight line, f - rat
Aim: a rat The magic dart hits the rat.
You kill the rat!
The bat hits you but does no damage. x2; The kobold barely misses you.
The kobold hits you with a +0 short sword.
You die...

b..$.####........
...........<.......
..........†........
...................
........###........
......b. ....>#####
.......###$....#
.....#..K......#
......<@b......#
#......K##g....#
#.....gg..(....#
#.......##.....#
#......g.#g....#
#......#.#g....#
#...... .#g....#
#...... .........
.###.###.


You could see a hobgoblin, 3 goblins, 2 bats and 2 kobolds.

Vanquished Creatures
  An ooze (D:1)
  2 dart slugs (D:1)
  A leopard gecko (D:1)
  A ball python (D:1)
  4 bats
  2 giant cockroaches (D:1)
  4 goblins
  2 hobgoblins
  A jackal (D:1)
  2 frilled lizards (D:1)
  4 kobolds (D:1)
  8 rats
32 creatures vanquished.

Vanquished Creatures (collateral kills)
  An adder (D:2)
  A bat (D:1)
  A goblin (D:2)
  5 jackals (D:1)
  A kobold (D:2)
  2 rats (D:2)
11 creatures vanquished.

Grand Total: 43 creatures vanquished

Notes
Turn   | Place    | Note
-------+----------+-------------------------------------------
     0 | D:1      | DorianNounverber the Deep Elf Wizard began the quest for
                  | the Orb.
     0 | D:1      | Reached XP level 1. HP: 10/10 MP: 7/7
   211 | D:1      | Reached XP level 2. HP: 15/15 MP: 7/9
   215 | D:1      | Reached skill level 5 in Spellcasting
   273 | D:1      | Learned a level 2 spell: Blink
   276 | D:1      | Learned a level 2 spell: Call Imp
   819 | D:1      | Reached XP level 3. HP: 19/19 MP: 2/11
  1608 | D:2      | Slain by a kobold

Skill      XL: |  1  2  3 |
---------------+----------+-----
Spellcasting   | 5 |  5.5
Dodging        | 3 |  3.2
Conjurations   | 2 |  2.0
Stealth        | |  2.5
Summonings     | |  1.1
Translocations | |  1.1

Action                   || total
-------------------------++-------
Melee: Spear             ||     1
 Cast: Magic Dart        ||    74
       Call Imp          ||    17
  Use: Scroll            ||     2
  Eat: Chunk             ||     2
Armor: Robe              ||    16
Dodge: Dodged            ||    23
